 Dungeon Crawl Stone Soup version 0.16.0-17-g811c1d7 (webtiles) character file.

695 DogShitOnMyToe the Conjurer (level 7, 0/41 HPs)
             Began as an Octopode Wizard on Mar 22, 2015.
             Killed from afar by an orc wizard (8 damage)
             ... with a magic dart
             ... on level 5 of the Dungeon.
             The game lasted 00:18:07 (5267 turns).

DogShitOnMyToe the Conjurer (Octopode Wizard)       Turns: 5267, Time: 00:18:09

Health: 0/41       AC:  6    Str:  6    XL:     7   Next: 64%
Magic:  11/17      EV: 12    Int: 23    God:
Gold:   220        SH:  0    Dex: 10    Spells: 6 memorised, 2 levels left

rFire  . . .     SeeInvis .     i - +1 short sword (protect)
rCold  . . .     Clarity  .     (no shield)
rNeg   . . .     SustAb   +     b - +0 hat
rPois  .         Gourm    .     y - amulet of faith
rElec  .         Spirit   .     l - ring of sustain abilities
rCorr  .         Warding  .     (no ring)
rMut   .         Stasis   .     (no ring)
MR     .....                    (no ring)
Stlth  +++.......               (no ring)
                                (no ring)
                                (no ring)
                                (no ring)

@: lethally poisoned (0 -> -35), not resistant to hostile enchantments, fairly
stealthy
A: almost no armour, amphibious, 8 rings, constrict 8, camouflage 1, gelatinous
body 1
a: no special abilities


You were on level 5 of the Dungeon.
You were not hungry.

You visited 1 branch of the dungeon, and saw 5 of its levels.

You collected 220 gold pieces.

Inventory:

Hand weapons
 i - a +1 short sword of protection (weapon)
Missiles
 r - 8 needles of slowing
Armour
 b - a +0 hat (worn)
Jewellery
 l - a ring of sustain abilities (left tentacle)
 y - an amulet of faith (around mantle)
Magical devices
 A - a wand of confusion (39)
Scrolls
 g - 4 scrolls of teleportation {unknown}
 j - 3 scrolls of remove curse {unknown}
 o - 3 scrolls of fog {unknown}
 p - 8 scrolls of identify {unknown}
 u - a scroll of magic mapping {unknown}
Potions
 a - 2 potions of restore abilities {unknown}
 e - a potion of cancellation {unknown}
 f - a potion of might
 n - 4 potions of poison {unknown}
 t - a potion of resistance {unknown}
 v - a potion of heal wounds {unknown}
 w - a potion of cure mutation {unknown}
 x - a potion of agility {unknown}
 z - 4 potions of curing {unknown}
Books
 c - a book of Minor Magic

   Spells                             Type                      Level
   a - Magic Dart                     Conjuration                  1
   b - Blink                          Translocation                2
   c - Call Imp                       Summoning                    2
   d - Repel Missiles                 Charms/Air                   2
   e - Slow                           Hexes                        2
   f - Conjure Flame                  Conjuration/Fire             3
   g - Mephitic Cloud                 Conjuration/Poison/Air       3
Comestibles
 d - 4 bread rations
 h - 3 slices of pizza
 k - a royal jelly
 m - 6 meat rations
 s - 3 beef jerkies


   Skills:
 - Level 1.0 Short Blades
 - Level 2.0 Dodging
 - Level 2.6 Stealth
 - Level 4.5 Spellcasting
 + Level 7.1 Conjurations
 - Level 1.0 Summonings
 - Level 1.0 Translocations


You had 2 spell levels left.
You knew the following spells:

 Your Spells              Type           Power        Failure   Level  Hunger
a - Magic Dart            Conj           ####         1%          1    None
b - Call Imp              Summ           #.......     12%         2    None
c - Repel Missiles        Chrm/Air       #.....       17%         2    None
d - Blink                 Tloc           N/A          12%         2    None
e - Mephitic Cloud        Conj/Pois/Air  ###.....     12%         3    ##.....
f - Conjure Flame         Conj/Fire      ###.....     10%         3    ##.....


Dungeon Overview and Level Annotations

Branches:
Dungeon (5/15)
 Temple: D:4-7

Altars:
Ru


Innate Abilities, Weirdness & Mutations

You cannot wear most types of armour.
You are amphibious.
You can wear up to eight rings at the same time.
You can use your tentacles to constrict many enemies at once.
Your skin changes colour to match your surroundings (Stealth).
Your rubbery body absorbs attacks (AC +1).


Message History

You barely miss the orc.
The orc is moderately wounded.
You constrict the orc.
You feel very sick. The orc hits you with a dagger. Something hits you.
You are more poisoned.
You hit the orc.
The orc is severely wounded.
You constrict the orc.
* * * LOW HITPOINT WARNING * * *
You feel very sick. The orc barely misses you.
Something hits you but does no damage.
You are more poisoned.
You barely miss something. You constrict the orc.
You kill the orc!
* * * LOW HITPOINT WARNING * * *
You feel very sick.
You hear some strange, mumbled words.
The magic dart hits you!
You die...

. +...##'##.... ...
#......+.....
#...##...##.###### #
........##.### #.
..............+ +..
###'##...##..##
#...##...##...##..##
#))..{)..?.(...+...+
#...##@..##...##..##
#.. #+######+##..#
#. .... .. #...# #
#...# #.### #.# #.#


There were no monsters in sight!

Vanquished Creatures
  Eustachio (D:4)
  A centaur (D:5)
  A centaur zombie (D:5)
  A crimson imp (D:5)
  2 orc priests (D:4)
  A centaur skeleton (D:4)
  2 orc wizards (D:4)
  A worker ant (D:4)
  An iguana (D:4)
  5 adders
  A giant mite (D:4)
  A shadow imp (D:5)
  4 giant geckos
  3 oozes
  13 orcs
  10 bats
  7 giant cockroaches
  10 hobgoblins
  4 jackals (D:3)
  3 quokkas
  2 ball pythons
  4 giant newts
  9 goblins
  15 kobolds
  A quokka zombie (D:5)
  11 rats
114 creatures vanquished.

Vanquished Creatures (collateral kills)
  A centaur (D:4)
  A worker ant (D:4)
  An adder (D:2)
3 creatures vanquished.

Grand Total: 117 creatures vanquished

Notes
Turn   | Place    | Note
--------------------------------------------------------------
     0 | D:1      | DogShitOnMyToe, the Octopode Wizard, began the quest for the Orb.
     0 | D:1      | Reached XP level 1. HP: 11/11 MP: 4/4
   320 | D:1      | Reached XP level 2. HP: 17/17 MP: 4/6
   799 | D:1      | Learned a level 2 spell: Blink
   802 | D:1      | Learned a level 2 spell: Repel Missiles
   805 | D:1      | Learned a level 2 spell: Call Imp
   854 | D:2      | Reached XP level 3. HP: 13/21 MP: 2/7
  1441 | D:2      | Reached XP level 4. HP: 12/27 MP: 0/9
  2878 | D:3      | Reached skill level 1 in Short Blades
  2887 | D:3      | Learned a level 3 spell: Mephitic Cloud
  3045 | D:3      | Reached XP level 5. HP: 31/31 MP: 11/11
  3389 | D:4      | Noticed a centaur
  3661 | D:4      | Killed a centaur
  3661 | D:4      | Reached skill level 4 in Spellcasting
  3923 | D:4      | Reached XP level 6. HP: 31/36 MP: 6/15
  4020 | D:4      | Learned a level 3 spell: Conjure Flame
  4121 | D:4      | Noticed Eustachio
  4142 | D:4      | Killed Eustachio
  4142 | D:4      | Reached skill level 5 in Conjurations
  4149 | D:4      | Reached XP level 7. HP: 23/41 MP: 9/17
  4370 | D:4      | Reached skill level 6 in Conjurations
  4557 | D:4      | Found a sacrificial altar of Ru.
  4733 | D:5      | Entered Level 5 of the Dungeon
  5204 | D:5      | Reached skill level 7 in Conjurations
  5267 | D:5      | Killed from afar by an orc wizard

Action                   |  1- 3 |  4- 6 |  7- 9 || total
-------------------------+-------+-------+-------++-------
Melee: Unarmed           |    22 |    17 |       ||    39
       Short sword       |       |    64 |    53 ||   117
 Cast: Magic Dart        |    53 |    86 |    24 ||   163
       Call Imp          |     1 |     3 |     1 ||     5
       Repel Missiles    |     1 |     1 |       ||     2
       Mephitic Cloud    |       |     7 |     3 ||    10
       Blink             |       |     1 |       ||     1
 Stab: Sleeping          |     1 |     5 |     1 ||     7
       Confused          |       |     2 |       ||     2
       Paralysed         |       |       |     1 ||     1
  Eat: Chunk             |     2 |     8 |     4 ||    14
